 Dungeon Crawl Stone Soup version 0.19-a0-19-gf75ed07 (webtiles) character file.

29256 M4edhros the Martial Artist (level 13, 0/86 HPs)
             Began as a Vampire Monk on Apr 30, 2016.
             Was a High Priest of Okawaru.
             Slain by a catoblepas (33 damage)
             ... on level 8 of the Lair of Beasts.
             The game lasted 00:46:55 (7001 turns).

M4edhros the Martial Artist (Vampire Monk)          Turns: 7001, Time: 00:46:56

Health: 0/86       AC:  8    Str: 19    XL:     13   Next: 14%
Magic:  24/25      EV: 37    Int: 12    God:    Okawaru [*****.]
Gold:   351        SH: 11    Dex: 29    Spells: 3 memorised, 1 level left

rFire  . . .     SeeInvis +       - Unarmed
rCold  . . .     Gourm    .     L - +1 robe {rC+ rF+}
rNeg   . . .     Faith    .     M - +2 buckler {rPois}
rPois  +         Spirit   .     K - +1 hat of Oblivion {+Fly rPois}
rElec  .         Dismiss  .     (no cloak)
rCorr  .         Reflect  .     A - +1 pair of gloves {Str+3}
SustAt .         Harm     .     Y - +0 pair of boots "Mounaof" {rF- MR+ Str+2 Dex+5}
MR     ++...                    (no amulet)
Stlth  +++++.....               x - ring of the Invisible Hand {*Confuse +Fly rC- MP+9 Dex+8}
                                i - +4 ring of evasion

@: heroism, regenerating very quickly, repel missiles, very resistant to hostile
enchantments, quite stealthy
A: fangs 3, see invisible, dopey 1, frail 1, shaggy fur 1, unbreathing
a: Heroism, Finesse, Renounce Religion, Evoke Flight


You were on level 8 of the Lair of Beasts.
You worshipped Okawaru.
Okawaru was extremely pleased with you.
You were almost alive.

You visited 4 branches of the dungeon, and saw 23 of its levels.
You also visited: Labyrinth, Sewer and Ossuary.

You collected 547 gold pieces.
You spent 196 gold pieces at shops.

Inventory:

Hand Weapons
 f - a +1 hunting sling of flaming
 q - a +0 blowgun
 v - a +4 arbalest of freezing
Missiles
 d - 270 stones (quivered)
 l - 8 tomahawks
 n - 49 sling bullets
 p - 25 poisoned needles
 y - 8 needles of confusion
 C - a throwing net
 E - 13 curare-tipped needles
Armour
 c - a +0 pair of boots of running
 A - a +1 pair of gloves of strength (worn)
 K - the +1 hat of Oblivion (worn) {+Fly rPois}
   (You found it on level 10 of the Dungeon)

   It protects you from poison.
   It lets you fly.
 L - a +1 robe of resistance (worn)
 M - a +2 buckler of poison resistance (worn)
 S - a +0 pair of boots of flying
 Y - the +0 pair of boots "Mounaof" (worn) {rF- MR+ Str+2 Dex+5}
   (Okawaru gifted it to you on level 7 of the Lair of Beasts)

   It affects your strength (+2).
   It affects your dexterity (+5).
   It makes you vulnerable to fire.
   It affects your resistance to hostile enchantments.
Magical Staves
 Q - an uncursed staff of wizardry
Jewellery
 i - a +4 ring of evasion (left hand)
 w - an uncursed ring of protection from fire
 x - the ring of the Invisible Hand (right hand) {*Confuse +Fly rC- MP+9 Dex+8}
   (You found it in a labyrinth)

   [ring of flight]

   It affects your dexterity (+8).
   It makes you vulnerable to cold.
   It affects your magic capacity (+9).
   It lets you fly.
   It may confuse you when you take damage.
 O - the ring "Ulyitt" {SustAt rElec rF+ rN+}
   (You found it in a labyrinth)

   [ring of sustain attributes]

   It sustains your strength, intelligence and dexterity.
   It protects you from fire.
   It insulates you from electricity.
   It protects you from negative energy.
 W - an uncursed ring of ice
Wands
 k - a wand of lightning (5/15)
 B - a wand of disintegration (8/24)
 F - a wand of paralysis (10/24)
 Z - a wand of paralysis (13/24)
Scrolls
 a - 3 scrolls of immolation
 e - 3 scrolls of remove curse
 j - 2 scrolls of teleportation
 u - 4 scrolls of fear
 J - a scroll of enchant weapon
 R - 2 scrolls of blinking
Potions
 b - a potion of haste
 g - 2 potions of heal wounds
 h - 30 potions of blood
 m - 4 potions of curing
 o - a potion of brilliance
 r - 4 potions of flight
 s - 2 potions of agility
 z - a potion of might
 D - a potion of cancellation
 U - a potion of invisibility
Books
 t - a book of Callings

   Spells                             Type                      Level
   a - Summon Small Mammal            Summoning                    1
   b - Call Imp                       Summoning                    2
   c - Call Canine Familiar           Summoning                    3
   d - Summon Guardian Golem          Hexes/Summoning              3
   e - Summon Lightning Spire         Summoning/Air                4
   f - Summon Ice Beast               Ice/Summoning                4
 G - a book of Annihilations

   Spells                             Type                      Level
   a - Poison Arrow                   Conjuration/Poison           6
   b - Chain Lightning                Conjuration/Air              8
   c - Lehudib's Crystal Spear        Conjuration/Earth            8
   d - Glaciate                       Conjuration/Ice              9
   e - Fire Storm                     Conjuration/Fire             9
 H - a book of Clouds

   Spells                             Type                      Level
   a - Mephitic Cloud                 Conjuration/Poison/Air       3
   b - Conjure Flame                  Conjuration/Fire             3
   c - Poisonous Cloud                Conjuration/Poison/Air       6
   d - Freezing Cloud                 Conjuration/Ice/Air          6
   e - Ring of Flames                 Charms/Fire                  7
 I - a book of the Tempests

   Spells                             Type                      Level
   a - Static Discharge               Conjuration/Air              3
   b - Lightning Bolt                 Conjuration/Air              5
   c - Fireball                       Conjuration/Fire             5
   d - Tornado                        Air                          9
   e - Shatter                        Earth                        9
 N - a book of Beasts

   Spells                             Type                      Level
   a - Summon Butterflies             Summoning                    1
   b - Call Canine Familiar           Summoning                    3
   c - Summon Ice Beast               Ice/Summoning                4
   d - Summon Mana Viper              Hexes/Summoning              5
   e - Summon Hydra                   Summoning                    7
 P - a Fen Folio

   Spells                             Type                      Level
   a - Corpse Rot                     Necromancy                   2
   b - Stone Arrow                    Conjuration/Earth            3
   c - Leda's Liquefaction            Hexes/Earth                  4
   d - Summon Forest                  Summoning/Translocation      5
   e - Hydra Form                     Transmutation                6
   f - Summon Hydra                   Summoning                    7
 T - a book of Transfigurations

   Spells                             Type                      Level
   a - Irradiate                      Conjuration/Transmutation    5
   b - Statue Form                    Transmutation/Earth          6
   c - Hydra Form                     Transmutation                6
   d - Dragon Form                    Transmutation                7
 V - a book of Maledictions

   Spells                             Type                      Level
   a - Corona                         Hexes                        1
   b - Ensorcelled Hibernation        Hexes/Ice                    2
   c - Confuse                        Hexes                        3
   d - Tukima's Dance                 Hexes                        3
   e - Dazzling Spray                 Conjuration/Hexes            3
 X - a book of Air

   Spells                             Type                      Level
   a - Shock                          Conjuration/Air              1
   b - Swiftness                      Charms/Air                   2
   c - Repel Missiles                 Charms/Air                   2
   d - Static Discharge               Conjuration/Air              3
   e - Lightning Bolt                 Conjuration/Air              5


   Skills:
 - Level 7.2(12.2) Fighting
 - Level 0.1(5.1) Slings
 - Level 12.3(17.3) Dodging
 - Level 3.0(8.0) Stealth
 - Level 5.9(10.9) Shields
 - Level 12.9(17.9) Unarmed Combat
 * Level 6.9 Transmutations
 - Level 6.1 Air Magic
 * Level 5.8 Earth Magic
 + Level 3.6 Poison Magic
 - Level 5.1 Invocations


You had one spell level left.
You knew the following spells:

 Your Spells              Type           Power        Failure   Level  Hunger
a - Mephitic Cloud        Conj/Pois/Air  #.......     30%         3    ####...
b - Statue Form           Trmt/Erth      ###......    100%        6    #######
c - Repel Missiles        Chrm/Air       #.....       14%         2    ###....


Dungeon Overview and Level Annotations

Branches:
Dungeon (13/15)            Temple (1/1) D:4            Lair (8/8) D:10
 Shoals (0/4) Lair:4       Spider (0/4) Lair:4        Slime (0/6) Lair:7
    Orc (1/2) D:10
 Vaults: D:13-14

Altars:
Ashenzari
Dithmenos
Elyvilon
Fedhas
Kikubaaqudgha
Makhleb
Nemelex Xobeh
Okawaru
Pakellas
Qazlal
Ru
Sif Muna
Trog
Vehumet
Xom
Yredelemnul
Zin

Shops:
D:4 }%[[   D:9 (   D:13 *

Annotations:
Lair:8 Rupert


Innate Abilities, Weirdness & Mutations

Your natural rate of healing is extremely fast.
You have razor-sharp teeth.
You have supernaturally acute eyesight.
You can survive without breathing.
You are dopey. (Int -2)
You are frail (-10% HP).
You are covered in fur (AC +1).


Message History

The catoblepas is lightly wounded.
The catoblepas gores you!
You pummel the catoblepas!!
The catoblepas is heavily wounded.
The catoblepas breathes a plume of calcifying dust at you.
The blast of calcifying dust hits you!
You punch the catoblepas!
The catoblepas is heavily wounded.
You block the catoblepas's attack.
You hit the catoblepas.
The catoblepas is severely wounded.
You hit the catoblepas but do no damage.
The catoblepas is severely wounded.
The catoblepas breathes a plume of calcifying dust at you.
The blast of calcifying dust hits you! You block the catoblepas's attack.
You punch the catoblepas!
The catoblepas is almost dead.
The catoblepas gores you!!
You die...

..## .... #..## #... ##...
##..# #P..## #..# ###
##...###.# ###.## #
##........####....##
####..###...†P##§.....#
.##..## ###P..#Y§§§..##
.Y§§.# ##....@##..# .8.###
###.###...# ....##
#######...## 8...P#
#P.###...## ....... .P####
#......## #.......... ###
###......###...........
###......8...............
##....8..............)....
.........8................


You could see a catoblepas.

Vanquished Creatures
  Josephine (D:11)
  A minotaur (Lab)
  4 hydras
  The ghost of no0bjke the Cleaver, a novice MiBe of Trog (Lair:1)
  A catoblepas (Lair:8)
  2 death yaks (Lair:8)
  An unseen horror (D:13)
  3 hill giants (D:13)
  A lindwurm (Lair:6)
  An orc sorcerer (D:10)
  2 ugly things (D:11)
  3 elephants (Lair:4)
  A black mamba (Lair:6)
  A siren (Lair:4)
  4 spiny frogs
  2 rime drakes (Lair:8)
  3 komodo dragons
  2 minotaur zombies (Lab)
  A merfolk (Lair:4)
  A polar bear (Lair:5)
  A two-headed ogre (D:7)
  10 blink frogs
  2 wyverns
  A shadow (D:13)
  27 yaks
  2 wraiths
  5 basilisks
  4 hippogriffs
  A hungry ghost (D:12)
  A mottled dragon (D:11)
  5 water moccasins
  3 porcupines
  3 orc warriors
  An ice beast (D:12)
  A black bear (D:9)
  A sky beast (D:6)
  2 centaurs
  15 wolves
  8 crocodiles
  2 big kobolds
  2 elf zombies (Ossuary)
  6 giant frogs
  2 scorpions
  2 killer bees
  2 wights (D:11)
  An electric eel (Lair:8)
  2 centaur zombies (Ossuary)
  A crimson imp (D:11)
  A giant frog zombie (D:7)
  A hound (D:9)
  2 human zombies (Ossuary)
  3 orc priests
  A giant frog skeleton (D:6)
  4 jellies (Lair:7)
  A centaur skeleton (D:8)
  A gnoll shaman (D:8)
  4 iguanas
  13 orc wizards
  2 worker ants
  A hound zombie (Ossuary)
  3 mummies (Ossuary)
  10 adders
  4 gnolls (D:7)
  30 river rats
  A shadow imp (D:6)
  2 oozes (Lair:7)
  2 adder zombies (Ossuary)
  A worm (D:6)
  A dart slug (D:4)
  4 giant geckos
  47 orcs
  A bat (D:1)
  3 giant cockroaches
  3 goblins
  3 hobgoblins
  3 jackals (D:10)
  3 quokkas
  5 ball pythons (Sewer)
  3 giant newts
  A gnoll zombie (Ossuary)
  A goblin zombie (Ossuary)
  7 hobgoblin zombies (Ossuary)
  A jackal skeleton (D:9)
  A jackal zombie (Ossuary)
  25 kobolds
  4 kobold zombies (Ossuary)
  2 orc zombies (Ossuary)
  3 quokka zombies
  20 rats
  5 rat zombies
382 creatures vanquished.

Vanquished Creatures (others)
  A basilisk (Lair:7)
  A porcupine (Lair:7)
  4 fungi
  3 plants (Lair:8)
9 creatures vanquished.

Grand Total: 391 creatures vanquished

Notes
Turn   | Place    | Note
--------------------------------------------------------------
     0 | D:1      | M4edhros the Vampire Monk began the quest for the Orb.
     0 | D:1      | Reached XP level 1. HP: 17/17 MP: 1/1
     8 | D:1      | Identified a +0 pair of boots of running (You found it on level 1 of the Dungeon)
   155 | D:2      | Found a basalt altar of Yredelemnul.
   202 | D:2      | Reached XP level 2. HP: 3/23 MP: 2/2
   255 | D:2      | Reached skill level 5 in Unarmed Combat
   549 | D:3      | Found a sparkling altar of Nemelex Xobeh.
   578 | D:3      | Reached XP level 3. HP: 11/28 MP: 3/3
   579 | D:3      | Found a glowing drain.
   612 | Sewer    | Entered a sewer
   696 | Sewer    | Reached XP level 4. HP: 34/34 MP: 4/4
  1045 | Sewer    | Reached XP level 5. HP: 38/39 MP: 5/5
  1375 | D:4      | Found a sand-covered staircase.
  1382 | Ossuary  | Entered an ossuary
  1440 | Ossuary  | Reached XP level 6. HP: 22/46 MP: 6/6
  1623 | Ossuary  | Reached XP level 7. HP: 48/51 MP: 7/7
  1745 | D:4      | Found Vadurhir's Antique Armour Boutique.
  1780 | D:4      | Found Nauxo's Armour Boutique.
  1868 | D:4      | Found a staircase to the Ecumenical Temple.
  1874 | Temple   | Entered the Ecumenical Temple
  2102 | Temple   | Became a worshipper of Warmaster Okawaru
  2102 | Temple   | Reached * piety under Okawaru
  2102 | Temple   | Reached ** piety under Okawaru
  2229 | D:4      | Bought a pair of runed gloves for 99 gold pieces
  2265 | D:4      | Found Jaihosacs's Food Boutique.
  2304 | D:4      | Found Vaseju's Gadget Shoppe.
  2358 | D:5      | Entered Level 5 of the Dungeon
  2427 | D:5      | You fall through a shaft!
  2437 | D:6      | Reached skill level 10 in Unarmed Combat
  2555 | D:8      | Noticed a two-headed ogre
  2565 | D:7      | Killed a two-headed ogre
  2576 | D:7      | Reached XP level 8. HP: 44/57 MP: 8/8
  2827 | D:8      | Found a deep blue altar of Sif Muna.
  2861 | D:8      | Found a white marble altar of Elyvilon.
  2945 | D:9      | Reached *** piety under Okawaru
  3018 | D:9      | Found Ukko Tenk's Weapon Emporium.
  3057 | D:9      | Noticed an eight-headed hydra
  3071 | D:9      | Found a glowing silver altar of Zin.
  3167 | D:9      | Reached XP level 9. HP: 53/62 MP: 9/9
  3236 | D:10     | Entered Level 10 of the Dungeon
  3312 | D:10     | Reached skill level 5 in Dodging
  3326 | D:10     | Reached **** piety under Okawaru
  3367 | D:10     | Got a faintly glowing hat
  3373 | D:10     | Identified the +1 hat of Oblivion {+Fly rPois} (You found it on level 10 of the Dungeon)
  3665 | D:10     | Found a staircase to the Orcish Mines.
  3674 | Orc:1    | Entered Level 1 of the Orcish Mines
  3674 | Orc:1    | Noticed an orc warlord
  3674 | Orc:1    | Noticed an orc sorcerer
  3679 | D:10     | Noticed a smoke demon
  3681 | D:10     | Noticed a hellwing
  3685 | D:10     | Killed an orc sorcerer
  3767 | D:11     | Noticed Josephine
  3770 | D:11     | Reached skill level 5 in Fighting
  3778 | D:11     | Noticed a red ugly thing
  3800 | D:11     | Killed Josephine
  3800 | D:11     | Reached ***** piety under Okawaru
  3800 | D:11     | Received a gift from Okawaru
  3800 | D:11     | Reached XP level 10. HP: 54/74 MP: 7/10
  3815 | D:11     | Killed a red ugly thing
  4107 | D:13     | Noticed a white ugly thing
  4142 | D:13     | Noticed a gargoyle
  4157 | D:13     | Noticed an unseen horror
  4166 | D:13     | Noticed a hill giant
  4169 | D:13     | Reached skill level 10 in Dodging
  4170 | D:13     | Gained mutation: You are dopey. (Int -2) [potion of mutation]
  4170 | D:13     | Gained mutation: You are frail (-10% HP). [potion of mutation]
  4170 | D:13     | Gained mutation: You are covered in fur (AC +1). [potion of mutation]
  4177 | D:13     | Killed a hill giant
  4182 | D:13     | Noticed a hill giant
  4204 | D:13     | Killed a hill giant
  4218 | D:13     | Killed an unseen horror
  4227 | D:13     | Found a labyrinth entrance.
  4250 | Lab      | Entered a labyrinth
  4347 | Lab      | Received a gift from Okawaru
  4347 | Lab      | Reached XP level 11. HP: 73/75 MP: 11/11
  4457 | Lab      | Noticed a minotaur
  4469 | Lab      | Killed a minotaur
  4472 | Lab      | Got a brightly glowing platinum ring
  4472 | Lab      | Got a slimy marble ring
  4474 | Lab      | Identified the ring of the Invisible Hand {*Confuse +Fly rC- MP+9 Dex+8} (You found it in a labyrinth)
  4476 | Lab      | Identified the ring "Ulyitt" {SustAt rElec rF+ rN+} (You found it in a labyrinth)
  4487 | Lab      | Got a dazzling halberd
  4488 | Lab      | Identified the +1 halberd of the Goat {drain, rN+} (You found it in a labyrinth)
  4685 | D:13     | Noticed a hill giant
  4720 | D:13     | Killed a hill giant
  4770 | D:13     | Found Varec's General Store.
  4775 | D:13     | Bought a scroll of blinking for 97 gold pieces
  4778 | D:13     | Noticed a six-headed hydra
  4790 | D:13     | Killed a six-headed hydra
  4925 | D:11     | Noticed a brown ugly thing
  4939 | D:11     | Killed a brown ugly thing
  4980 | D:10     | Found a staircase to the Lair.
  4984 | Lair:1   | Entered Level 1 of the Lair of Beasts
  5037 | Lair:1   | Learned a level 3 spell: Mephitic Cloud
  5119 | Lair:1   | Reached skill level 1 in Air Magic
  5119 | Lair:1   | Reached skill level 5 in Invocations
  5133 | Lair:1   | Received a gift from Okawaru
  5163 | Lair:1   | Reached skill level 1 in Shields
  5185 | Lair:1   | Noticed no0bjke's ghost (novice MiBe)
  5237 | Lair:1   | Killed no0bjke's ghost
  5272 | Lair:1   | Noticed an eight-headed hydra
  5299 | Lair:1   | Killed an eight-headed hydra
  5307 | Lair:1   | Noticed a six-headed hydra
  5333 | Lair:1   | Killed a six-headed hydra
  5479 | Lair:3   | Learned a level 6 spell: Statue Form
  5492 | Lair:3   | Reached XP level 12. HP: 48/81 MP: 15/15
  5563 | Lair:4   | Reached skill level 1 in Earth Magic
  5585 | Lair:4   | Found a staircase to the Shoals.
  5595 | Lair:4   | Reached skill level 1 in Transmutations
  5620 | Lair:4   | Reached skill level 5 in Air Magic
  5663 | Lair:4   | Found a hole to the Spider Nest.
  5864 | Lair:5   | Received a gift from Okawaru
  5891 | Lair:6   | Noticed a six-headed hydra
  5898 | Lair:6   | Killed a six-headed hydra
  5924 | Lair:6   | Reached skill level 5 in Shields
  5924 | Lair:6   | Reached skill level 1 in Poison Magic
  6309 | Lair:6   | Identified a scroll of acquirement
  6341 | Lair:7   | Learned a level 2 spell: Repel Missiles
  6353 | Lair:7   | Received a gift from Okawaru
  6354 | Lair:7   | Got a pair of translucent boots {god gift}
  6389 | Lair:7   | Identified the +0 pair of boots "Mounaof" {rF- MR+ Str+2 Dex+5} (Okawaru gifted it to you on level 7 of the Lair of Beasts)
  6407 | Lair:7   | Found a staircase to the Slime Pits.
  6464 | Lair:8   | Entered Level 8 of the Lair of Beasts
  6487 | Lair:8   | Noticed Rupert
  6525 | Lair:8   | Reached ****** piety under Okawaru
  6533 | Lair:8   | Reached skill level 5 in Transmutations
  6570 | Lair:8   | Noticed an eight-headed hydra
  6693 | Lair:8   | Reached skill level 5 in Earth Magic
  6794 | Lair:8   | Reached XP level 13. HP: 86/86 MP: 16/16
  7001 | Lair:8   | Slain by a catoblepas

Vault maps used:
D:1:      tarquinn_simple_flora_water_c, minivault_11, serial_bayou_lagoon_a,
          minivault_14
D:2:      marbit_many_paths
D:3:      nemelex_xobeh_ov_fountains_minmay, portal_sewer_entry_b
D:4:      minmay_temple_entry_enclosed_plants, enter_ossuary_4, serial_shops,
          nicolae_shop_waterfront, nicolae_shop_competitors_out_of_business,
          kennysheep_mini, shop_fountains, first_bread
D:7:      nicolae_overflow_crystal_walls, serial_shops, shop
D:8:      lemuel_blue_sif_altar, cheibrodos_worm_habitat, basic_altar,
          serial_shops, nicolae_shop_statue_plus
D:9:      minmay_flawed_box, lemuel_round_altar, serial_shops,
          kennysheep_little_box, shop_coins, basic_altar
D:10:     lair_0_dummy, hiddenorc1_lemuel
D:11:     uniq_josephine
D:12:     grunt_tengu_nest, minmay_hedge_maze
D:13:     lab_entry_generic, serial_shops, shop, spider_trap,
          small_statue_alley_a, grunt_decor_mini_mirrors
Temple:   hc_temple_tempest_star
Lair:1:   beast_lair_carwin_3
Lair:2:   lemuel_reptile_caves, infiniplex_staircase_pool_2, uniq_sonja
Lair:4:   elwin_shoals_entry_rooms, nicolae_spider_entry_orb_guardian,
          grunt_megastairs_1
Lair:5:   beast_lair_carwin_2
Lair:7:   nicolae_slime_entry_slimehenge
Lair:8:   evilmike_catoblepas_cave, serial_bayou, serial_bayou_shore_b,
          serial_bayou_ford_a, uniq_rupert
Orc:1:    basic_altar, uniq_urug
Lab:      labyrinth_hidden_loot, labyrinth_skeletal_remains,
          nicolae_lab_dead_end, lab_hedge, nicolae_lab_hexagon,
          nicolae_lab_flowing_pool, nicolae_lab_garden
Sewer:    sewer_minmay_treatment
Ossuary:  minmay_ossuary_two_tombs

Skill      XL: |  1  2  3  4  5  6  7  8  9 10 11 12 |
---------------+-------------------------------------+-----
Unarmed Combat | 5 6 8 9 10 12 | 12.9
Fighting       | 5 7 |  7.2
Dodging        | 8 11 12 | 12.3
Invocations    | 5 |  5.1
Air Magic      | 4 6 |  6.1
Shields        | 4 5 |  5.9
Earth Magic    | 5 |  5.8
Transmutations | 6 |  6.9
Poison Magic   | 3 |  3.6
Slings         | |  0.1
Stealth        | |  3.0

Action                   |  1- 3 |  4- 6 |  7- 9 | 10-12 | 13-15 || total
-------------------------+-------+-------+-------+-------+-------++-------
Melee: Unarmed           |   107 |   300 |   434 |   774 |    55 ||  1670
       Punch             |     3 |     6 |    18 |    28 |       ||    55
       Bite              |     9 |    23 |    59 |   150 |    12 ||   253
Throw: Stone             |       |       |       |       |     1 ||     1
 Cast: Repel Missiles    |       |       |       |     1 |       ||     1
Invok: Heroism           |       |       |     1 |    14 |     3 ||    18
       Finesse           |       |       |       |     2 |       ||     2
Evoke: Wand              |       |       |       |     6 |       ||     6
  Use: Potion            |     9 |     4 |    18 |    32 |     2 ||    65
       Scroll            |       |       |    11 |    12 |       ||    23
 Stab: Sleeping          |     1 |       |       |    11 |     2 ||    14
       Invisible         |       |       |       |    10 |       ||    10
       Paralysed         |       |       |       |    11 |       ||    11
Armor: Robe              |     5 |       |     3 |    32 |     4 ||    44
       Scale mail        |     5 |   108 |    84 |       |       ||   197
       Skin              |       |       |       |    12 |       ||    12
Dodge: Dodged            |    62 |   313 |   293 |   517 |    21 ||  1206
       Deflected         |       |       |       |     1 |       ||     1
Block: Buckler           |       |       |       |   165 |    14 ||   179
